 Dungeon Crawl Stone Soup version 0.26-a0-602-gd42a14c23b (webtiles) character file.

Game seed: 16992889884502231368

2154 ANON1729 the Covert (level 9, -1/62 HPs)
             Began as an Octopode Delver on Aug 30, 2020.
             Was a Believer of the Shining One.
             Slain by an orc warrior
             ... wielding a +0 scimitar
              (13 damage)
             ... on level 8 of the Dungeon.
             The game lasted 00:17:54 (10758 turns).

ANON1729 the Covert (Octopode Delver)              Turns: 10758, Time: 00:17:55

Health: -1/62      AC:  1    Str: 14    XL:     9   Next: 31%
Magic:  0/21       EV: 16    Int: 12    God:    the Shining One [**....]
Gold:   416        SH:  0    Dex: 14    Spells: 8/8 levels left

rFire    . . .     SeeInvis .     - Unarmed
rCold    + . .     Faith    .   (no shield)
rNeg     + . .     Spirit   +   (helmet restricted)
rPois    .         Reflect  .   m - amulet of guardian spirit
rElec    .         Harm     .   w - ring of magical power
rCorr    .         Clarity  +   (no ring)
MR       .....                  (no ring)
Stlth    ++........             (no ring)
HPRegen  0.20/turn              (no ring)
MPRegen  0.17/turn              (no ring)
                                (no ring)
                                (no ring)

@: glowing, lightly drained
A: almost no armour, stealthy swim, amphibious, 8 rings, constrict 8, camouflage
1, clarity, cold resistance 1, gelatinous body 1
a: Divine Shield, Renounce Religion


You were on level 8 of the Dungeon.
You worshipped the Shining One.
The Shining One was pleased with you.
You visited 2 branches of the dungeon, and saw 9 of its levels.

You collected 416 gold pieces.

Inventory:

Missiles
 g - 3 curare-tipped darts (quivered)
 t - 4 throwing nets
Jewellery
 m - an amulet of guardian spirit (around mantle)
 o - an uncursed ring of fire
 w - a ring of magical power (left tentacle)
 x - an uncursed amulet of magic regeneration
Wands
 e - a wand of digging (3)
Scrolls
 a - a scroll of fog
 b - 5 scrolls of magic mapping
 c - a scroll of fear
 h - 4 scrolls of random uselessness
 i - 9 scrolls of teleportation
 l - 5 scrolls of immolation
 n - a scroll of amnesia {unknown}
 p - 2 scrolls of remove curse
 q - 3 scrolls of enchant weapon
 y - a scroll of identify
 B - a scroll of blinking {unknown}
Potions
 d - a potion of mutation
 f - 2 potions of lignification
 j - 4 potions of haste
 k - 2 potions of stabbing
 r - a potion of curing {unknown}
 s - 3 potions of flight
 u - 2 potions of brilliance {unknown}
 v - a potion of degeneration {unknown}
 z - 3 potions of cancellation
 A - 2 potions of heal wounds


   Skills:
 + Level 5.8(5.6) Fighting
 + Level 5.2(5.0) Dodging
 + Level 9.8(9.5) Stealth
 + Level 5.3(5.0) Unarmed Combat
 + Level 5.0(4.8) Invocations
 + Level 4.8(4.6) Evocations


You had 8 spell levels left.
You didn't know any spells.
Your spell library contained the following spells:

 Spells                   Type           Power        Failure   Level
 Corona                   Hex            #......      32%         1
 Ensorcelled Hibernation  Hex/Ice        #.....       45%         2
 Confusing Touch          Hex            #.......     69%         3
 Dazzling Flash           Conj/Hex       #.....       69%         3
 Tukima's Dance           Hex            #.......     69%         3


Dungeon Overview and Level Annotations

Branches:
Dungeon (8/15)             Temple (1/1) D:4
   Lair: D:8-11

Altars:
Ashenzari
Cheibriados
Dithmenos
Elyvilon
Fedhas
Hepliaklqana
Makhleb
Nemelex Xobeh
Okawaru
Qazlal
Ru
Sif Muna
Trog
Uskayaw
Vehumet
Wu Jian
Xom
Yredelemnul
Zin
The Shining One

Annotations:
D:3 1 runed translucent door, paps's ghost, amateur OpTm
D:7 4 exclusions


Innate Abilities, Weirdness & Mutations

You cannot wear most types of armour.
You are very stealthy in the water. (Stealth+)
You are amphibious.
You can wear up to eight rings at the same time.
You can use your tentacles to constrict eight enemies at once.
Your skin changes colour to match your surroundings (Stealth+).
Your rubbery body absorbs attacks. (AC +1, EV +1)
You possess an exceptional clarity of mind.
Your flesh is cold resistant. (rC+)


Message History

You are too injured to fight recklessly!
You are too injured to fight recklessly!
You are too injured to fight recklessly!
You are too injured to fight recklessly!
You are too injured to fight recklessly!
You are too injured to fight recklessly!
You are too injured to fight recklessly!
You tentacle-slap the orc warrior.
The orc warrior is almost dead.
You constrict the orc warrior, but do no damage.
You tentacle-slap the orc warrior but do no damage.
The orc warrior is almost dead.
You constrict the orc warrior.
The orc warrior hits you with a +0 scimitar!!
* * * LOW HITPOINT WARNING * * *
You tentacle-slap the orc warrior but do no damage.
The orc warrior is almost dead.
You constrict the orc warrior, but do no damage.
The orc warrior hits you with a +0 scimitar!
You die...

#......).)#
##..## .#.#>##.#
#...#. # #...##.#
#..##. #.#.#.##.#
#..#.. #....o...#
#..#.. #......###
#..'.# #.#.##.#
#.##..
#.#.##.#####
#.##..
#.#....oo@.#####
#.###.
#.####.###.#...##
#.# #. #......#
#......# #.# ##
########
##.....#####.# #
#...........#
##...########
#####


You could see an orc warrior and an orc.

Vanquished Creatures
  Eustachio (D:6)
  A steam dragon (D:6)
  An orc warrior (D:5)
  2 sky beasts
  A phantom (D:7)
  An ogre (D:5)
  4 centaurs
  4 bullfrogs
  2 scorpions
  4 wights (D:8)
  A howler monkey (D:4)
  A bullfrog skeleton (D:4)
  2 centaur skeletons
  A hound (D:4)
  2 orc priests
  2 iguanas
  An orc wizard (D:3)
  2 worker ants
  8 adders
  7 gnolls
  A shadow imp (D:8)
  A white imp (D:5)
  An ooze (D:1)
  A worm (D:2)
  A dart slug (D:3)
  7 leopard geckos
  14 orcs
  6 giant cockroaches
  6 goblins
  10 hobgoblins
  14 jackals
  7 kobolds
  5 quokkas
  8 bats
  5 frilled lizards
  A jackal skeleton (D:4)
  A quokka skeleton (D:4)
  10 rats
147 creatures vanquished.

Notes
Turn   | Place    | Note
-------+----------+-------------------------------------------
     0 | D:5      | ANON1729 the Octopode Delver began the quest for the Orb.
     0 | D:5      | Reached XP level 1. HP: 16/16 MP: 1/1
    97 | D:4      | Found a staircase to the Ecumenical Temple.
   110 | Temple   | Entered the Ecumenical Temple
   235 | Temple   | Became a worshipper of the Shining One
   245 | D:4      | Noticed a centaur
   305 | D:3      | Found a white marble altar of Elyvilon.
   308 | D:3      | Reached XP level 2. HP: 18/21 MP: 2/2
   649 | D:3      | Reached skill level 7 in Stealth
   649 | D:3      | Reached XP level 3. HP: 5/26 MP: 3/3
  1393 | D:3      | Found a blossoming altar of Fedhas.
  1421 | D:3      | Found a hazy altar of Hepliaklqana.
  1465 | D:2      | Found a stormy altar of Qazlal.
  1550 | D:2      | Reached XP level 4. HP: 19/31 MP: 4/4
  1808 | D:2      | Found an iron altar of Okawaru.
  1811 | D:2      | Found a radiant altar of Vehumet.
  2313 | D:2      | Reached skill level 1 in Invocations
  2313 | D:2      | Reached skill level 1 in Evocations
  2313 | D:2      | Reached XP level 5. HP: 21/37 MP: 5/5
  3525 | D:3      | Gained mutation: You possess an exceptional clarity of
                  | mind. [potion of mutation]
  3525 | D:3      | Gained mutation: Your flesh is cold resistant. (rC+)
                  | [potion of mutation]
  3776 | D:3      | Found a runed translucent door.
  3776 | D:3      | Noticed paps's ghost (amateur OpTm)
  3788 | D:3      | Reached * piety under the Shining One
  4391 | D:3      | Found a shimmering blue altar of Sif Muna.
  4958 | D:3      | Reached XP level 6. HP: 33/43 MP: 4/7
  5921 | D:4      | Reached skill level 8 in Stealth
  5921 | D:4      | Reached XP level 7. HP: 36/48 MP: 5/8
  6889 | D:5      | HP: 1/49 [sky beast (6)]
  7873 | D:6      | Reached XP level 8. HP: 43/54 MP: 7/10
  8193 | D:6      | Noticed Eustachio
  8235 | D:6      | Killed Eustachio
  8235 | D:6      | Reached ** piety under the Shining One
  8235 | D:6      | Reached skill level 5 in Fighting
  8313 | D:5      | Reached skill level 9 in Stealth
  8498 | D:6      | Found a shadowy altar of Dithmenos.
  8989 | D:7      | Found a basalt altar of Yredelemnul.
  9029 | D:7      | Found a glowing silver altar of Zin.
  9501 | D:7      | Reached skill level 5 in Dodging
  9501 | D:7      | Reached skill level 5 in Unarmed Combat
  9501 | D:7      | Reached XP level 9. HP: 25/61 MP: 6/12
 10288 | D:8      | Found a sacrificial altar of Ru.
 10577 | D:8      | Reached skill level 5 in Invocations
 10758 | D:8      | Slain by an orc warrior

Illustrated notes

Levels and vault maps discovered:
D:1:      lemuel_arrival_rhombus, layout_basic
D:2:      layout_loops_corners, nicolae_qazlal_general_emergency,
          grunt_temple_overflow_open
D:3:      layout_rooms, lemuel_crystal_altar, fedhas_altar_4, elyvilon_altar_1,
          lemuel_blue_sif_altar, gammafunk_ghost_grave
D:4:      layout_cave_pods, minmay_temple_entry_offerings,
          minmay_misc_feat_pillars
D:5:      layout_basic, enter_ossuary_1
D:6:      layout_loops_ring, lemuel_coloured_pillars_altar, uniq_eustachio
D:7:      layout_cave_pods, zin_statuary, yredelemnul_altar_generic,
          kennysheep_boxes
D:8:      layout_loops_cross, grunt_gozag_statues,
          nicolae_ru_great_annihilating_truth, basic_altar, grunt_potential
Temple:   compressed_dpeg_triangle_lava_temple

Skill      XL: |  1  2  3  4  5  6  7  8  9 |
---------------+----------------------------+-----
Stealth        | 7 8 9 |  9.8
Invocations    | 1 2 3 4 5 |  5.0
Evocations     | 1 2 3 4 |  4.8
Dodging        | 3 4 5 |  5.2
Unarmed Combat | 3 4 5 |  5.3
Fighting       | 4 5 |  5.8

Action                   |  1- 3 |  4- 6 |  7- 9 || total
-------------------------+-------+-------+-------++-------
Melee: Unarmed           |    53 |   147 |   263 ||   463
       Constrict         |    13 |    40 |    49 ||   102
       Tentacles         |     5 |    46 |    68 ||   119
       Punch             |       |     6 |     8 ||    14
  Use: Potion            |     1 |     6 |       ||     7
       Scroll            |       |     4 |     6 ||    10
Armor: Skin              |     1 |    11 |     5 ||    17
Dodge: Dodged            |    27 |    91 |   144 ||   262

Table legend: (Time is in decaauts)
 A = Elapsed time spent in this place.
 B = Non-inter-level travel time spent in this place.
 C = Inter-level travel time spent in this place.
 D = Time resting spent in this place.
 E = Time spent auto-exploring this place.
 F = Levels seen in this place.
 G = Mean time per level.
                   A        B        C        D        E       F      G
               +--------+--------+--------+--------+--------+-----+--------+
         Total |  10721 |  10287 |    434 |   4913 |   3911 |   9 | 1191.2 |
       Dungeon |  10589 |  10162 |    427 |   4913 |   3908 |   8 | 1323.6 |
        Temple |    132 |    125 |      7 |      0 |      3 |   1 |  132.0 |
               +--------+--------+--------+--------+--------+-----+--------+

Top non-repeatable levels by time:
     D:2: 2002 daAuts
     D:3: 1910 daAuts
     D:4: 1800 daAuts
     D:5: 1580 daAuts
     D:7: 1381 daAuts
     D:6: 1017 daAuts
     D:1: 515 daAuts
     D:8: 381 daAuts
  Temple: 132 daAuts
